 Dungeon Crawl Stone Soup version 0.26.0-10-g1f06aea511 (webtiles) character file.

Game seed: 5773029242147038016

32795 vatarom the Fighter (level 13, -4/142 HPs)
             Began as a Green Draconian Transmuter on Jan 20, 2021.
             Was an Elder of Wu Jian.
             Slain by a nine-headed hydra (11 damage)
             ... on level 4 of the Lair of Beasts.
             The game lasted 00:43:20 (18737 turns).

vatarom the Fighter (Green Draconian Transmuter)   Turns: 18737, Time: 00:43:21

Health: -4/142     AC:  7    Str: 15    XL:     13   Next: 33%
Magic:  21/24      EV: 18    Int: 13    God:    Wu Jian [****..]
Gold:   747        SH:  0    Dex: 21    Spells: 9/24 levels left

rFire    x . .     SeeInvis .     - Unarmed
rCold    + + +     Faith    .   (shield currently unavailable)
rNeg     . . .     Spirit   .   (armour unavailable)
rPois    +         Reflect  .   (helmet currently unavailable)
rElec    .         Harm     .   (cloak currently unavailable)
rCorr    .         Rampage  .   (gloves currently unavailable)
Will     .....                  (boots currently unavailable)
Stlth    ++........             (no amulet)
HPRegen  0.33/turn              s - +4 ring of slaying
MPRegen  0.19/turn              L - +6 ring of dexterity

@: ice-form
A: large, (breathe noxious fumes), unfitting armour, high mp 1, mutation
resistance 1, AC +8
a: End Transformation, Renounce Religion, Wall Jump, Serpent's Lash


You were on level 4 of the Lair of Beasts.
You worshipped Wu Jian.
Wu Jian was greatly pleased with you.
You were a creature of crystalline ice.
You visited 3 branches of the dungeon, and saw 16 of its levels.
You also visited: Sewer and Ossuary.

You collected 807 gold pieces.
You spent 60 gold pieces at shops.

Inventory:

Missiles
 t - 67 poisoned darts (quivered)
 M - a throwing net {!f}
Armour
 l - a +2 cloak (melded)
 B - the +2 pair of gloves of Articulation (melded) {Str+8 Int+3}
   (You acquired it on level 6 of the Dungeon)

   It affects your strength (+8).
   It affects your intelligence (+3).
 D - a +2 pair of boots (melded)
Jewellery
 c - an uncursed ring of protection from cold
 d - an uncursed amulet of regeneration
 f - an uncursed ring of protection from fire
 s - a +4 ring of slaying (left front paw)
 I - an uncursed ring of protection from fire
 L - a +6 ring of dexterity (right front paw)
 O - a +6 ring of dexterity
Wands
 x - a wand of digging (11) {@v1}
 y - a wand of flame (66)
 J - a wand of paralysis (24)
 N - a wand of acid (10) {@v2}
 Q - a wand of polymorph (30)
Scrolls
 b - 4 scrolls of remove curse {@r2}
 i - 3 scrolls of enchant armour
 k - 8 scrolls of teleportation {@r3}
 n - a scroll of fear
 o - 3 scrolls of blinking {@r4}
 q - 5 scrolls of fog
 r - 5 scrolls of immolation
 u - 3 scrolls of amnesia
 v - 2 scrolls of magic mapping
 A - 2 scrolls of noise
 G - 2 scrolls of identify {@r1}
Potions
 a - 3 potions of degeneration
 e - 7 potions of curing {@q1}
 g - a potion of ambrosia
 h - 2 potions of magic
 j - 3 potions of haste {@q3}
 m - 3 potions of mutation
 p - 4 potions of flight
 w - 4 potions of might {@q4}
 z - 2 potions of cancellation
 C - 4 potions of brilliance {@q6}
 F - 3 potions of lignification
 H - 2 potions of resistance
 K - 2 potions of invisibility
 P - 3 potions of attraction


   Skills:
 + Level 12.9 Fighting
 + Level 9.9 Dodging
 - Level 7.0 Unarmed Combat
 - Level 6.4 Spellcasting
 + Level 11.8 Transmutations
 - Level 4.0 Ice Magic
 - Level 6.1 Evocations


You had 9 spell levels left.
You knew the following spells:

 Your Spells              Type           Power        Failure   Level
a - Beastly Appendage     Tmut           70%          1%          1
b - Wereblood             Tmut           35%          1%          2
c - Spider Form           Tmut/Pois      9%           4%          3
d - Ice Form              Ice/Tmut       24%          6%          4
e - Blade Hands           Tmut           17%          3%          5

Your spell library contained the following spells:

 Spells                   Type           Power        Failure   Level
 Passwall                 Tmut/Erth      15%          2%          2
 Freeze                   Ice            56%          3%          1
 Frozen Ramparts          Ice            28%          10%         3
 Ozocubu's Armour         Ice            14%          10%         3
 Petrify                  Tmut/Erth      19%          14%         4
 Sandblast                Erth           8%           16%         1
 Stone Arrow              Conj/Erth      8%           43%         3
 Hailstorm                Conj/Ice       9%           56%         4
 Summon Ice Beast         Ice/Summ       9%           56%         4
 Lee's Rapid Deconstruct  Erth           2%           99%         5


Dungeon Overview and Level Annotations

Branches:
Dungeon (11/15)            Temple (1/1) D:5            Lair (4/6) D:10
  Swamp (0/4) Lair:2       Spider (0/4) Lair:4        Sewer (visited)
Ossuary (visited)
    Orc: D:9-12

Altars:
Ashenzari
Cheibriados
Dithmenos
Elyvilon
Fedhas
Gozag
Hepliaklqana
Kikubaaqudgha
Makhleb
Nemelex Xobeh
Okawaru
Qazlal
Ru
Sif Muna
Trog
Uskayaw
Vehumet
Wu Jian
Xom
Yredelemnul
Zin
The Shining One

Shops:
D:4 (   D:5 (   D:6 }   D:8 [:!?[   D:9 :

Annotations:
D:4 2 transporters, 1 runed translucent door, Crazy Yiuf
Lair:1 exclusion: 2 oklob plants


Innate Abilities, Weirdness & Mutations

((You can breathe blasts of noxious fumes.))
((Your lurid green scales are hard. (AC +8)))
You cannot fit into any form of body armour.
((Your system is resistant to poisons. (rPois)))
((You are cold-blooded and may be slowed by cold attacks.))
You have an increased reservoir of magic. (+10% MP)
You are somewhat resistant to further mutation.


Message History

The nine-headed hydra misses you.
The nine-headed hydra barely misses you.
The nine-headed hydra bites you but does no damage.
The nine-headed hydra misses you.
You hit the nine-headed hydra. You freeze the nine-headed hydra.
The nine-headed hydra is almost dead.
The nine-headed hydra bites you! x2
* * * LOW HITPOINT WARNING * * *
The nine-headed hydra bites you!
* * * LOW HITPOINT WARNING * * *
The nine-headed hydra bites you.
* * * LOW HITPOINT WARNING * * *
The nine-headed hydra bites you!
* * * LOW HITPOINT WARNING * * *
The nine-headed hydra bites you.
* * * LOW HITPOINT WARNING * * *
The nine-headed hydra closely misses you.
The nine-headed hydra barely misses you.
The nine-headed hydra bites you!
You die...

##.........#....##
#...........
#.....###........###
##.......... ....###
##.........## #..........
....#
#...........##.#........#
..###
#............####........#
...# .........†..>.#
##.#.###.. #.##
##.#.........### #.#...#.#
### #####P##..P..#
##.#.#...# ## #.DY.##
#..###.#.# #.....##
##.....#.. ##$....#.
##..##.#..
.........#....#....
.....#.#.......#....
.....##...##.....###.
....... ..# ###...# #.
........ ..# #..## #.
##..####


You could see a nine-headed hydra (slow).

Vanquished Creatures
  Josephine (Lair:3)
  8 hydras
  2 two-headed ogres (D:10)
  A death yak (Lair:3)
  Nergalle (Lair:1)
  A gargoyle (D:10)
  A black mamba (Lair:1)
  A torpor snail (Lair:4)
  7 cane toads
  3 rime drakes
  8 komodo dragons
  5 polar bears
  A troll (D:10)
  2 hornets
  17 blink frogs
  Eustachio (D:5)
  3 wraiths (Lair:3)
  27 yaks
  5 basilisks
  2 wyverns
  A steam dragon (Lair:2)
  2 swamp worms (Lair:2)
  9 water moccasins
  2 sky beasts
  2 ice beasts
  4 orc warriors
  5 black bears (D:10)
  4 phantoms
  2 necrophages
  5 wolves
  10 ogres
  6 centaurs
  An elf zombie (Ossuary)
  Blork the orc (D:7)
  4 big kobolds
  14 bullfrogs
  A gnoll sergeant (D:7)
  7 killer bees
  7 wights
  2 bullfrog zombies
  6 hounds
  3 quasits (D:10)
  3 orc priests (D:7)
  12 orc wizards
  An iguana (Lair:2)
  7 worker ants
  A big kobold zombie (Ossuary)
  3 mummies (Ossuary)
  3 worker ant zombies
  A howler monkey skeleton (D:4)
  3 river rats (Sewer)
  12 adders
  4 gnolls
  4 shadow imps
  5 ufetubi
  4 oozes
  3 adder zombies
  4 adder skeletons
  2 worms
  2 dart slugs
  5 leopard geckos
  31 orcs
  8 bats
  8 giant cockroaches
  7 goblins
  5 hobgoblins
  20 jackals
  18 kobolds
  3 quokkas
  8 ball pythons
  6 frilled lizards
  4 goblin zombies (Ossuary)
  A jackal skeleton (D:4)
  A kobold zombie (Ossuary)
  3 leopard gecko skeletons
  An orc zombie (Ossuary)
  A quokka skeleton (D:4)
  7 quokka zombies (Ossuary)
  28 rats
  2 rat zombies (Ossuary)
436 creatures vanquished.

Vanquished Creatures (others)
  A bush (Lair:3)
  57 fungi
  75 plants
133 creatures vanquished.

Grand Total: 569 creatures vanquished

Notes
Turn   | Place    | Note
-------+----------+-------------------------------------------
     0 | D:1      | vatarom the Draconian Transmuter began the quest for the
                  | Orb.
     0 | D:1      | Reached XP level 1. HP: 16/16 MP: 3/3
    69 | D:1      | Reached XP level 2. HP: 23/23 MP: 3/5
   313 | D:1      | Learned a level 2 spell: Wereblood
   563 | D:1      | Reached XP level 3. HP: 29/29 MP: 4/6
   956 | D:2      | Learned a level 3 spell: Spider Form
   971 | D:2      | Found a shimmering blue altar of Sif Muna.
  1004 | D:2      | Reached skill level 2 in Fighting
  1942 | D:3      | Reached XP level 4. HP: 37/37 MP: 5/7
  2266 | D:3      | Found a hazy altar of Hepliaklqana.
  2267 | D:3      | Found a shimmering altar of Xom.
  2268 | D:3      | Noticed a spectral ugly thing
  2454 | D:3      | Reached XP level 5. HP: 42/42 MP: 6/8
  2713 | D:4      | Noticed an ogre
  2769 | D:4      | Reached skill level 3 in Fighting
  2871 | D:4      | Killed an ogre
  2872 | D:4      | Reached XP level 6. HP: 41/51 MP: 7/10
  2992 | D:4      | Found a transporter.
  3090 | D:4      | Gained mutation: You have an increased reservoir of magic.
                  | (+10% MP) [potion of mutation]
  3090 | D:4      | Gained mutation: You are somewhat resistant to further
                  | mutation. [potion of mutation]
  3100 | D:4      | Reached skill level 5 in Unarmed Combat
  3524 | D:4      | Found a transporter.
  3568 | D:4      | Noticed a fire bat
  3568 | D:4      | Noticed a fire bat
  3568 | D:4      | Noticed a fire bat
  3726 | D:4      | Found Tidupru's Antique Weapon Shoppe.
  3740 | D:4      | Found a glowing golden altar of the Shining One.
  3853 | D:4      | Found a runed translucent door.
  3854 | D:4      | Noticed Crazy Yiuf
  3894 | D:5      | Entered Level 5 of the Dungeon
  3900 | D:5      | Learned a level 4 spell: Ice Form
  3932 | D:5      | Found a shimmering altar of Xom.
  3950 | D:5      | Reached skill level 4 in Fighting
  3950 | D:5      | Reached skill level 1 in Ice Magic
  3950 | D:5      | Your scales start taking on a lurid green colour.
  3950 | D:5      | Reached XP level 7. HP: 29/59 MP: 12/14
  3950 | D:5      | Gained mutation: Your system is resistant to poisons.
                  | (rPois) [Green Draconian growth]
  4065 | D:5      | Found a hide-covered altar of Uskayaw.
  4077 | D:5      | Found a glowing silver altar of Zin.
  4125 | D:5      | Found Qoax's Antique Weapon Boutique.
  4162 | D:5      | Noticed Eustachio
  4189 | D:5      | Killed Eustachio
  4196 | D:5      | Reached XP level 8. HP: 53/67 MP: 13/15
  4285 | D:5      | Found a staircase to the Ecumenical Temple.
  4302 | Temple   | Entered the Ecumenical Temple
  4888 | D:6      | Reached skill level 5 in Fighting
  5077 | D:6      | Found an ornate altar of the Wu Jian Council.
  5099 | D:6      | Became a worshipper of the Wu Jian Council
  5236 | D:6      | Found a glowing drain.
  5292 | Sewer    | Entered a sewer
  5405 | Sewer    | Reached * piety under Wu Jian
  5519 | Sewer    | Reached skill level 5 in Transmutations
  5522 | Sewer    | Reached skill level 6 in Fighting
  6188 | D:6      | Found Sunotia's Gadget Shoppe.
  6323 | D:6      | Noticed a moth of wrath
  6326 | D:6      | Found a bloodstained altar of Trog.
  6344 | D:6      | Reached ** piety under Wu Jian
  6350 | D:6      | Got a scorched flail
  6351 | D:6      | Identified the +7 flail "Ymnut" {vorpal, rElec rPois rF++}
                  | (You found it on level 6 of the Dungeon)
  6456 | D:6      | Reached XP level 9. HP: 76/78 MP: 14/16
  6462 | D:6      | Learned a level 5 spell: Blade Hands
  6518 | D:6      | Identified a scroll of acquirement
  6518 | D:6      | Acquired the +2 pair of gloves of Articulation {Str+8
                  | Int+3}
  6866 | D:7      | Reached skill level 7 in Fighting
  6924 | D:7      | Reached skill level 5 in Spellcasting
  7582 | D:8      | Found Waitej's Antique Armour Boutique.
  7616 | D:8      | Noticed Blork the orc
  7636 | D:7      | Killed Blork the orc
  7790 | D:8      | Found Yhirr's Distillery.
  7793 | D:8      | Found Uririt's Magic Scroll Shop.
  7798 | D:8      | Bought a potion of curing for 30 gold pieces
  7798 | D:8      | Bought a potion of curing for 30 gold pieces
  7821 | D:8      | Found a sand-covered staircase.
  7882 | Ossuary  | Entered an ossuary
  7928 | Ossuary  | Reached *** piety under Wu Jian
  8338 | D:8      | Reached XP level 10. HP: 88/88 MP: 21/21
  8768 | D:8      | Found Pyuxer's Book Shop.
  8788 | D:8      | Found Plog's Armour Boutique.
  8827 | D:9      | Found a sparkling altar of Nemelex Xobeh.
  9027 | D:9      | Reached skill level 8 in Fighting
  9061 | D:9      | Reached skill level 1 in Evocations
  9382 | D:9      | Found Voebucwe's Book Emporium.
  9617 | D:10     | Entered Level 10 of the Dungeon
  9740 | D:10     | Noticed a two-headed ogre
  9808 | D:10     | Killed a two-headed ogre
  9809 | D:10     | Reached skill level 5 in Dodging
  9853 | D:10     | Paralysed by a hornet for 2 turns
  9863 | D:10     | Reached skill level 9 in Fighting
  9954 | D:10     | Found a staircase to the Lair.
 10003 | D:10     | Noticed a two-headed ogre
 10005 | D:10     | Noticed a gargoyle
 10012 | D:10     | Killed a two-headed ogre
 10013 | D:10     | Reached XP level 11. HP: 91/97 MP: 12/22
 10204 | D:10     | Noticed a boulder beetle
 10409 | D:10     | Found a shadowy altar of Dithmenos.
 10438 | D:10     | Reached **** piety under Wu Jian
 10973 | Lair:1   | Entered Level 1 of the Lair of Beasts
 10983 | Lair:1   | Noticed an oklob plant
 11155 | Lair:1   | Found a sparkling altar of Nemelex Xobeh.
 11174 | Lair:1   | Reached skill level 5 in Evocations
 11368 | Lair:1   | Noticed Nergalle
 11374 | Lair:1   | Killed Nergalle
 11430 | Lair:1   | Reached skill level 10 in Fighting
 12016 | Lair:1   | Noticed an oklob plant
 12219 | Lair:2   | Noticed an eight-headed hydra
 12241 | Lair:1   | Killed an eight-headed hydra
 12432 | Lair:1   | Reached XP level 12. HP: 51/108 MP: 19/23
 12598 | Lair:2   | Noticed a four-headed hydra
 12605 | Lair:2   | Killed a four-headed hydra
 12606 | Lair:2   | Reached skill level 11 in Fighting
 12606 | Lair:2   | Reached skill level 10 in Transmutations
 12612 | Lair:2   | Noticed a six-headed hydra
 12668 | Lair:2   | Killed a six-headed hydra
 12695 | Lair:2   | Noticed a four-headed hydra
 12707 | Lair:2   | Killed a four-headed hydra
 12839 | Lair:2   | Noticed a six-headed hydra
 12845 | Lair:2   | Killed a six-headed hydra
 13091 | Lair:2   | Found a staircase to the Swamp.
 13417 | Lair:2   | Found a white marble altar of Elyvilon.
 13931 | Lair:3   | Noticed an eight-headed hydra
 13939 | Lair:2   | Killed an eight-headed hydra
 14195 | Lair:2   | Reached skill level 12 in Fighting
 15679 | Lair:4   | Noticed Josephine
 15970 | Lair:3   | Killed Josephine
 15976 | Lair:3   | Reached XP level 13. HP: 93/119 MP: 21/24
 18691 | Lair:4   | Found a hole to the Spider Nest.
 18737 | Lair:4   | HP: 7/142 [nine-headed hydra (6)]
 18737 | Lair:4   | Slain by a nine-headed hydra

Illustrated notes

Levels and vault maps discovered:
D:1:      nagdon_arrival_double_spiral, layout_basic, serial_forest,
          infiniplex_forest_straight_5, infiniplex_forest_clump_double,
          infiniplex_forest_clump_diagonal, infiniplex_forest_clump_tiny,
          infiniplex_forest_end_1, infiniplex_forest_clump_curved,
          infiniplex_forest_lined_3_way, st_stairs_10
D:2:      layout_rooms, lemuel_crystal_altar, minmay_splitting_lines
D:3:      layout_basic, regret_index_temple_of_mockery
D:4:      gammafunk_cloud_chamber, layout_loops_ring, tso_altar, serial_shops,
          shop, uniq_crazy_yiuf_cottage
D:5:      layout_basic, minitemple, minmay_temple_entry_drinking_statues,
          serial_shops, shop, basic_altar, uniq_eustachio
D:6:      layout_loops_cross, nicolae_overflow_crystal_walls, tgw_trog,
          serial_shops, nicolae_shop_stone, gup_sewer_entry_glass,
          kennysheep_nub
D:7:      layout_loops_ring
D:8:      layout_cave_pools, serial_shops, nicolae_shop_crystal, shop, shop,
          nicolae_shop_competitors_out_of_business, nicolae_shop_behind_doors,
          nicolae_ossuary_entry_false_entrances, minmay_misc_feat_plants,
          sword_in_stone
D:9:      layout_irregular_city, serial_shops,
          nicolae_shop_temple_entry_statues_fountains, basic_altar,
          minmay_fountain_box
D:10:     layout_loops_ring, due_lair_maze_entry_diamond, grunt_ogre_cave,
          grunt_dithmenos_shadows
D:11:     layout_basic, minmay_quadrilaterals, uniq_harold
Temple:   nicolae_temple_great_sept
Lair:1:   layout_regular_city, basic_altar, minmay_lair_oklob_chamber,
          infiniplex_staircase_pool_2, uniq_nergalle
Lair:2:   layout_long_grid, palyth_hydra_swamp_entry, basic_altar,
          grunt_megastairs_5
Lair:3:   layout_cave_pods, beast_lair_carwin_9
Lair:4:   layout_cave_pods, dummy_spider_entry, beast_lair_carwin_5,
          serial_bayou_shore_a, uniq_josephine

Skill      XL: |  1  2  3  4  5  6  7  8  9 10 11 12 |
---------------+-------------------------------------+-----
Fighting       | 2 3 4 6 7 9 10 12 | 12.9
Unarmed Combat | 4 5 7 |  7.0
Transmutations | 3 4 5 6 8 9 11 | 11.8
Spellcasting   | 3 6 |  6.4
Ice Magic      | 1 3 4 |  4.0
Dodging        | 3 5 7 9 |  9.9
Evocations     | 4 6 |  6.1

Action                   |  1- 3 |  4- 6 |  7- 9 | 10-12 | 13-15 || total
-------------------------+-------+-------+-------+-------+-------++-------
Melee: Unarmed           |   123 |   188 |   470 |   476 |    90 ||  1347
       Headbutt          |     3 |    12 |    27 |     2 |       ||    44
       Kick              |    19 |    26 |    47 |     4 |       ||    96
       Tailslap          |     8 |    16 |    46 |    56 |    13 ||   139
       Punch             |       |     2 |    12 |     6 |     4 ||    24
 Cast: Beastly Appendage |    22 |    22 |    31 |     3 |       ||    78
       Wereblood         |     4 |     1 |     4 |       |     1 ||    10
       Spider Form       |       |     5 |     4 |       |       ||     9
       Ice Form          |       |       |    14 |    18 |     6 ||    38
       Blade Hands       |       |       |     4 |    51 |    11 ||    66
Invok: Lunge             |       |       |    34 |    40 |     6 ||    80
       Whirlwind         |       |       |     2 |    82 |     9 ||    93
       Serpent's Lash    |       |       |       |    18 |     3 ||    21
 Abil: Breathe Noxious F |       |       |     2 |     1 |       ||     3
       Wall Jump         |       |       |     1 |     1 |       ||     2
       End Transformatio |       |       |       |     1 |       ||     1
Evoke: Wand              |       |       |       |     6 |       ||     6
  Use: Scroll            |     3 |     3 |    16 |    15 |     3 ||    40
       Potion            |     2 |     5 |     4 |     4 |     1 ||    16
 Stab: Sleeping          |       |       |     1 |     2 |       ||     3
       Distracted        |       |       |     1 |       |       ||     1
Armor: Skin              |    47 |    55 |   143 |   108 |    25 ||   378
Dodge: Dodged            |   103 |   101 |   271 |   322 |   125 ||   922
